 Dungeon Crawl Stone Soup version 0.18.1-8-gdd0e5ea (webtiles) character file.

16834 DungeonMaster the Fighter (level 12, -1/100 HPs)
             Began as a Demonspawn Wanderer on May 24, 2016.
             Was an Initiate of Gozag.
             Slain by a stone giant (16 damage)
             ... on level 2 of the Orcish Mines.
             The game lasted 00:39:31 (13745 turns).

DungeonMaster the Fighter (Demonspawn Wanderer)    Turns: 13745, Time: 00:39:32

Health: -1/100     AC: 29    Str: 16    XL:     12   Next: 13%
Magic:  0/12       EV:  8    Int: 20    God:    Gozag
Gold:   798        SH:  0    Dex: 12    Spells: 0 memorised, 11 levels left

rFire  + . .     SeeInvis .     s - +12 trident "Lorem Ipsum" {freeze, rElec Str-3 Int+2 Stlth+}
rCold  + . .     Gourm    .     P - +6 plate armour of Wasted Space {rElec MR- Str+5}
rNeg   . . .     Faith    .     (no shield)
rPois  .         Spirit   +     y - +2 helmet
rElec  +         Dismiss  .     N - +2 cloak {MR+}
rCorr  .         Reflect  .     M - +0 pair of gloves of Patterns {rC+}
SustAt .         Harm     .     (boots unavailable)
MR     +....                    D - amulet of regeneration
Stlth  ..........               C - ring of protection from fire
                                G - ring of protection from magic

@: gold aura, somewhat resistant to hostile enchantments, extremely unstealthy
A: talons 3, yellow scales 1, demonic guardian 2, magic shield
a: Potion Petition, Call Merchant, Bribe Branch, Renounce Religion


You were on level 2 of the Orcish Mines.
You worshipped Gozag.
Gozag was noncommittal.
You were not hungry.

You visited 3 branches of the dungeon, and saw 14 of its levels.

You collected 3137 gold pieces.
You spent 1760 gold pieces at shops.
You paid 579 gold pieces to Gozag.

Inventory:

Hand Weapons
 a - the +9 hand axe of Indignation {chop, rF+}
   (You found it on level 10 of the Dungeon)

   It inflicts extra damage upon your enemies.
   It protects you from fire.
 d - a +0 scimitar of flaming
 s - the +12 trident "Lorem Ipsum" (weapon) {freeze, rElec Str-3 Int+2 Stlth+}
   (You found it on level 9 of the Dungeon)

   It has been specially enchanted to freeze those struck by it, causing extra
   injury to most foes and up to half again as much damage against particularly
   susceptible opponents.
   It can also slow down cold-blooded creatures.
   It affects your strength (-3).
   It affects your intelligence (+2).
   It insulates you from electricity.
   It makes you more stealthy.
Missiles
 j - 34 poisoned needles
 l - 274 arrows
 m - 335 stones (quivered)
 o - a throwing net
 q - 88 bolts
 r - 7 needles of paralysis
 t - 144 sling bullets
 x - 6 tomahawks
 z - 8 javelins
 F - 4 curare-tipped needles
Armour
 y - a +2 helmet (worn)
 M - the +0 pair of gloves of Patterns (worn) {rC+}
   (You bought it in a shop on level 9 of the Dungeon)

   It protects you from cold.
 N - a +2 cloak of magic resistance (worn)
 P - the +6 plate armour of Wasted Space (worn) {rElec MR- Str+5}
   (You bought it in a shop on level 9 of the Dungeon)

   It affects your strength (+5).
   It insulates you from electricity.
   It affects your resistance to hostile enchantments.
Jewellery
 C - a ring of protection from fire (right hand)
 D - an amulet of regeneration (around neck)
 G - a ring of protection from magic (left hand)
Wands
 e - a wand of paralysis (5/24)
 u - a wand of hasting (4/9)
 w - a wand of lightning (1/15)
Scrolls
 i - 3 scrolls of fear
 k - 3 scrolls of remove curse
 v - a scroll of amnesia
 A - 3 scrolls of enchant armour
 E - a scroll of immolation
 H - 3 scrolls of fog
 I - a scroll of magic mapping
 K - 7 scrolls of teleportation
Potions
 n - a potion of berserk rage
 p - a potion of haste
 B - a potion of flight
 L - 6 potions of curing
Books
 c - a book of Changes

   Spells                             Type                      Level
   a - Beastly Appendage              Transmutation                1
   b - Sticks to Snakes               Transmutation                2
   c - Spider Form                    Transmutation/Poison         3
   d - Ice Form                       Ice/Transmutation            4
   e - Blade Hands                    Transmutation                5
Comestibles
 b - 7 meat rations
 f - 6 bread rations
 J - 3 fruits


   Skills:
 * Level 11.3 Fighting
 * Level 9.4 Axes
 * Level 7.0 Armour
 - Level 9.9 Dodging
 - Level 1.0 Stealth
   Level 1.0 Shields
 - Level 2.6 Unarmed Combat
 - Level 1.0 Evocations


You had 11 spell levels left.
You didn't know any spells.

Dungeon Overview and Level Annotations

Branches:
Dungeon (11/15)            Temple (1/1) D:6            Lair (0/8) D:11
    Orc (2/2) D:11
    Elf: Orc:2

Altars:
Ashenzari
Cheibriados
Dithmenos
Elyvilon
Fedhas
Gozag
Kikubaaqudgha
Makhleb
Nemelex Xobeh
Okawaru
Pakellas
Qazlal
Ru
Sif Muna
Trog
Vehumet
Xom
Yredelemnul
Zin
The Shining One
Beogh

Shops:
D:9 [


Innate Abilities, Weirdness & Mutations

You have claws for feet.
You are partially covered in yellow scales (AC +2).
A demonic guardian rushes to your aid.
When hurt, damage is shared between your health and your magic reserves.


Message History

The stone giant hits you!
* * * LOW HITPOINT WARNING * * *
Your soul eater hits the stone giant!
Your soul eater drains the stone giant!
The orc shouts!
You puncture the stone giant! You freeze the stone giant.
The stone giant is moderately wounded.
The orc wizard mumbles some strange words.
The orc wizard seems to speed up.
The stone giant hits you!!
* * * LOW HITPOINT WARNING * * *
The orc wizard hits you but does no damage.
Your soul eater hits the stone giant!
The orc hits your soul eater but does no damage.
You hit the stone giant. You freeze the stone giant.
The stone giant is heavily wounded.
The orc wizard casts a spell.
The orc wizard blinks!
The orc hits your soul eater but does no damage.
The stone giant hits you!!
You die...
Your body crumbles into a pile of gold. ............. ...........# O.o

.......... $... #.......#
..oo ####......##### ..o..
##..........#..## ## .o...#
#...............###.
......####o.................
...$...#.Oo@................
#......o$o3C................
#........o......##.........<
#...............##..........
###..........#####......)...
##.........# ###...))...
#.#.....### #....##.#
#####.... ##....### #...##
##....#


You could see a stone giant, a two-headed ogre, 2 orc wizards, 3 orcs and a
friendly soul eater.

Vanquished Creatures
  An orc warlord (Orc:1)
  3 orc knights (Orc:1)
  An orc sorcerer (Orc:1)
  A cyclops (D:11)
  A gargoyle (D:11)
  A kobold demonologist (D:10)
  A komodo dragon (D:10)
  A troll (Orc:1)
  2 yaks (D:9)
  2 shadows (D:11)
  A wyvern (D:9)
  A vampire (D:10)
  A wraith (D:11)
  A basilisk (D:10)
  2 hungry ghosts
  3 wargs (Orc:1)
  14 orc warriors
  5 sky beasts
  8 ogres
  An ice beast (D:10)
  2 phantoms
  6 centaurs
  A crocodile (D:9)
  4 big kobolds
  5 giant frogs
  4 scorpions
  6 killer bees
  2 wights (D:7)
  3 howler monkeys
  2 giant frog zombies
  A centaur zombie (D:11)
  5 crimson imps
  4 hounds
  A jelly (D:6)
  An iron imp (D:5)
  16 orc wizards
  11 orc priests
  3 centaur skeletons
  4 giant frog skeletons
  3 iguanas
  10 worker ants
  2 howler monkey skeletons (D:7)
  11 adders
  2 gnolls (D:4)
  5 shadow imps
  A worker ant simulacrum (D:10)
  An ooze (D:2)
  An adder zombie (D:2)
  2 adder skeletons
  2 dart slugs (D:3)
  9 giant geckos
  30 orcs
  2 bats
  4 giant cockroaches
  10 goblins
  8 hobgoblins
  5 jackals
  7 kobolds
  2 quokkas
  2 ball pythons (D:3)
  2 ball python skeletons
  A giant gecko skeleton (D:2)
  4 giant newts
  A jackal skeleton (D:6)
  A quokka skeleton (D:2)
  A quokka zombie (D:10)
  4 rats (D:1)
265 creatures vanquished.

Vanquished Creatures (collateral kills)
  A stone giant (Orc:1)
  A hydra (D:11)
  A centaur warrior (D:10)
  Erica (D:8)
  An orc high priest (Orc:1)
  A deep elf archer (D:10)
  2 hill giants (D:10)
  A deep elf mage (D:11)
  A kobold demonologist (D:11)
  8 yaks (D:9)
  2 hungry ghosts
  A hippogriff (D:6)
  Duvessa (D:7)
  6 orc warriors (Orc:1)
  2 sky beasts
  2 ogres
  A centaur (D:6)
  A big kobold (D:11)
  A scorpion (D:6)
  Dowan (D:7)
  2 killer bees (D:10)
  A wight (D:7)
  A crimson imp (D:8)
  5 orc priests
  A centaur skeleton (D:11)
  4 hounds
  2 orc wizards (Orc:1)
  3 gnolls
  7 orcs
62 creatures vanquished.

Vanquished Creatures (others)
  A wizard (D:5)
1 creature vanquished.

Grand Total: 328 creatures vanquished

Notes
Turn   | Place    | Note
--------------------------------------------------------------
     0 | D:1      | DungeonMaster the Demonspawn Wanderer began the quest for the Orb.
     0 | D:1      | DungeonMaster set off with: a scroll of fear, a potion of berserk rage, a +0 spear, a potion of curing, a +0 robe, a bread ration
     0 | D:1      | Reached XP level 1. HP: 16/16 MP: 1/1
   301 | D:1      | Reached skill level 1 in Dodging
   301 | D:1      | Gained mutation: A weak demonic guardian rushes to your aid. [demonic ancestry]
   301 | D:1      | Reached XP level 2. HP: 14/23 MP: 2/2
  1747 | D:2      | Gained mutation: You have sharp toenails. [demonic ancestry]
  1747 | D:2      | Reached XP level 3. HP: 23/28 MP: 3/3
  2082 | D:3      | Reached skill level 3 in Fighting
  2095 | D:3      | Reached XP level 4. HP: 35/35 MP: 4/4
  2580 | D:3      | Noticed an ogre
  2593 | D:3      | Reached XP level 5. HP: 39/42 MP: 5/5
  2599 | D:3      | Killed an ogre
  2599 | D:3      | Reached skill level 4 in Fighting
  2613 | D:3      | Gained mutation: When hurt, damage is shared between your health and your magic reserves. [demonic ancestry]
  2613 | D:3      | Reached XP level 6. HP: 14/48 MP: 6/6
  3970 | D:4      | Found a shimmering altar of Xom.
  4802 | D:4      | Reached skill level 5 in Fighting
  4802 | D:4      | Reached skill level 1 in Axes
  4802 | D:4      | Reached XP level 7. HP: 49/56 MP: 7/7
  5186 | D:5      | Entered Level 5 of the Dungeon
  5214 | D:5      | Found a bloodstained altar of Trog.
  5655 | D:5      | Found a snail-covered altar of Cheibriados.
  6192 | D:5      | Noticed a wizard
  6196 | D:5      | Killed a wizard
  6562 | D:6      | Found a staircase to the Ecumenical Temple.
  6596 | Temple   | Entered the Ecumenical Temple
  6601 | Temple   | Became a worshipper of Gozag Ym Sagoz the Greedy
  6688 | D:6      | Gained mutation: A demonic guardian rushes to your aid. [demonic ancestry]
  6688 | D:6      | Reached XP level 8. HP: 54/63 MP: 8/8
  6718 | D:6      | Found a deep blue altar of Sif Muna.
  7208 | D:6      | Reached skill level 6 in Fighting
  7209 | D:6      | Reached skill level 5 in Dodging
  7269 | D:6      | Found a burning altar of Makhleb.
  7565 | D:7      | Noticed Duvessa
  7565 | D:7      | Noticed Dowan
  7568 | D:7      | Killed Dowan
  7568 | D:7      | Reached skill level 5 in Armour
  7572 | D:7      | Killed Duvessa
  8203 | D:7      | Gained mutation: You have razor-sharp toenails. [demonic ancestry]
  8203 | D:7      | Reached XP level 9. HP: 26/71 MP: 1/9
  8295 | D:7      | Found a stormy altar of Qazlal.
  8300 | D:7      | Found an oddly glowing altar of Pakellas.
  8307 | D:7      | Found a shattered altar of Ashenzari.
  8312 | D:7      | Found a shadowy altar of Dithmenos.
  8319 | D:7      | Found a sparkling altar of Nemelex Xobeh.
  8324 | D:7      | Found a glowing golden altar of the Shining One.
  8335 | D:7      | Found a basalt altar of Yredelemnul.
  8501 | D:7      | Reached skill level 7 in Fighting
  9459 | D:8      | Noticed Erica
  9467 | D:8      | Killed Erica
  9467 | D:8      | Reached skill level 5 in Axes
  9711 | D:9      | Found a white marble altar of Elyvilon.
  9821 | D:9      | Reached skill level 8 in Fighting
  9843 | D:9      | Gained mutation: You are partially covered in yellow scales (AC +2). [demonic ancestry]
  9843 | D:9      | Reached XP level 10. HP: 25/80 MP: 3/10
 10004 | D:9      | Got a brightly glowing trident
 10005 | D:9      | Identified the +12 trident "Lorem Ipsum" {freeze, rElec Str-3 Int+2 Stlth+} (You found it on level 9 of the Dungeon)
 10031 | D:9      | Found a sacrificial altar of Ru.
 10169 | D:9      | Bought a pair of warped gloves for 266 gold pieces
 10169 | D:9      | Bought a runed cloak for 126 gold pieces
 10187 | D:9      | Identified the +0 pair of gloves of Patterns {rC+} (You bought it in a shop on level 9 of the Dungeon)
 10203 | D:9      | Bought a steaming robe for 159 gold pieces
 10206 | D:9      | Identified the +3 robe of Xom's Castigation {MP+9} (You bought it in a shop on level 9 of the Dungeon)
 10597 | D:9      | Bought a pair of ancient gloves for 266 gold pieces
 10597 | D:9      | Identified the +0 pair of gloves of Uhainnoo {+Blink} (You bought it in a shop on level 9 of the Dungeon)
 10637 | D:10     | Entered Level 10 of the Dungeon
 10765 | D:10     | Got an ivory hand axe
 10861 | D:10     | Identified the +9 hand axe of Indignation {chop, rF+} (You found it on level 10 of the Dungeon)
 10967 | D:10     | Reached skill level 9 in Fighting
 10988 | D:10     | Noticed a centaur warrior
 11000 | D:10     | Killed a centaur warrior
 11083 | D:10     | Noticed a hill giant
 11090 | D:10     | Killed a hill giant
 11104 | D:10     | Noticed a deep elf archer
 11109 | D:10     | Killed a deep elf archer
 11137 | D:10     | Noticed a hill giant
 11139 | D:10     | Noticed a soul eater
 11140 | D:10     | Killed a hill giant
 11140 | D:10     | Reached XP level 11. HP: 65/89 MP: 11/11
 11462 | D:9      | Bought a shimmering robe for 159 gold pieces
 11462 | D:9      | Identified the cursed +1 robe "Worihett" {Dex+3} (You bought it in a shop on level 9 of the Dungeon)
 11530 | D:11     | Found a staircase to the Lair.
 11820 | D:11     | Found a staircase to the Orcish Mines.
 11828 | D:11     | Reached skill level 10 in Fighting
 12067 | D:11     | Noticed a four-headed hydra
 12075 | D:11     | Killed a four-headed hydra
 12348 | D:11     | Noticed a deep elf mage
 12353 | D:11     | Killed a deep elf mage
 12397 | Orc:1    | Entered Level 1 of the Orcish Mines
 12416 | Orc:1    | Noticed a stone giant
 12427 | Orc:1    | Killed a stone giant
 12724 | Orc:1    | Noticed an orc warlord
 12769 | Orc:1    | Killed an orc warlord
 12938 | Orc:1    | Noticed an orc knight
 12970 | Orc:1    | Killed an orc knight
 13034 | Orc:1    | Noticed an orc knight
 13043 | Orc:1    | Reached skill level 11 in Fighting
 13050 | Orc:1    | Killed an orc knight
 13070 | Orc:1    | Found a roughly hewn altar of Beogh.
 13074 | Orc:1    | Noticed an orc high priest
 13273 | Orc:1    | Killed an orc high priest
 13273 | Orc:1    | Gained mutation: You have claws for feet. [demonic ancestry]
 13273 | Orc:1    | Reached XP level 12. HP: 78/100 MP: 12/12
 13591 | D:9      | Bought a faintly glowing plate armour for 784 gold pieces
 13592 | D:9      | Identified the +6 plate armour of Wasted Space {rElec MR- Str+5} (You bought it in a shop on level 9 of the Dungeon)
 13691 | Orc:2    | Entered Level 2 of the Orcish Mines
 13730 | Orc:2    | Noticed a stone giant
 13745 | Orc:2    | Slain by a stone giant

Skill      XL: |  1  2  3  4  5  6  7  8  9 10 11 |
---------------+----------------------------------+-----
Dodging        | 1 2 3 4 5 6 8 9 |  9.9
Fighting       | 3 4 5 6 8 9 11 | 11.3
Armour         | 2 3 4 5 6 7 |  7.0
Axes           | 1 2 4 5 7 9 |  9.4
Stealth        | |  1.0
Shields        | |  1.0
Unarmed Combat | |  2.6
Evocations     | |  1.0

Action                   |  1- 3 |  4- 6 |  7- 9 | 10-12 || total
-------------------------+-------+-------+-------+-------++-------
Melee: Unarmed           |   114 |   251 |       |       ||   365
       Kick              |     3 |    74 |   111 |    91 ||   279
       War axe           |       |    63 |   459 |       ||   522
       Punch             |       |     1 |     6 |     2 ||     9
       Trident           |       |       |       |   305 ||   305
       Hand axe          |       |       |       |    85 ||    85
       Scimitar          |       |       |       |     1 ||     1
Throw: Stone             |       |       |       |     4 ||     4
Invok: Call Merchant     |       |       |       |     1 ||     1
Evoke: Wand              |       |       |     6 |     7 ||    13
  Use: Scroll            |     7 |     3 |     6 |    11 ||    27
       Potion            |     4 |     3 |     5 |     2 ||    14
 Stab: Sleeping          |     1 |       |       |     6 ||     7
       Invisible         |       |       |     1 |       ||     1
       Distracted        |       |       |     1 |     5 ||     6
       Paralysed         |       |       |       |     4 ||     4
  Eat: Chunk             |     4 |     8 |     6 |       ||    18
       Beef jerky        |       |     1 |       |       ||     1
       Bread ration      |       |       |     2 |       ||     2
       Pizza             |       |       |     1 |     1 ||     2
       Fruit             |       |       |    10 |    11 ||    21
       Royal jelly       |       |       |       |     1 ||     1
Armor: Robe              |    13 |    11 |       |   107 ||   131
       Ring mail         |       |    49 |       |       ||    49
       Skin              |       |    11 |       |       ||    11
       Scale mail        |       |    53 |   308 |     6 ||   367
       Plate armour      |       |       |       |    10 ||    10
Dodge: Dodged            |    61 |   191 |   319 |   239 ||   810
